 Dungeon Crawl Stone Soup version 0.20.1-1-g8b1a95d (webtiles) character file.

185 grogolog the Shield-Bearer (level 5, -7/47 HPs)
             Began as a Minotaur Fighter on Sept 10, 2017.
             Killed by divine providence
             ... invoked by an orc priest
              (15 damage)
             ... on level 5 of the Dungeon.
             The game lasted 00:21:08 (1450 turns).

grogolog the Shield-Bearer (Minotaur Fighter)       Turns: 1450, Time: 00:21:10

Health: -7/47      AC: 14    Str: 20    XL:     5   Next: 37%
Magic:  4/4        EV:  9    Int:  5    God:
Gold:   83         SH:  9    Dex:  9    Spells: 4/4 levels left

rFire    . . .     SeeInvis .   a - +0 war axe
rCold    + . .     Gourm    .   c - +0 shield
rNeg     . . .     Faith    .   j - +4 ring mail {rC+}
rPois    .         Spirit   .   (helmet restricted)
rElec    .         Reflect  .   (no cloak)
rCorr    .         Harm     .   e - +2 pair of gloves
MR       .....                  h - +0 pair of boots
Stlth    ..........             p - amulet of magic regeneration
Regen    0.2/turn               s - -2 ring of strength (curse)
MPRegen  0.2/turn               (no ring)

@: no status effects
A: retaliatory headbutt, horns 2
a: no special abilities


You were on level 5 of the Dungeon.
You were not hungry.

You visited 1 branch of the dungeon, and saw 5 of its levels.

You collected 83 gold pieces.

Inventory:

Hand Weapons
 a - a +0 war axe (weapon)
 t - a +2 dagger of speed
Armour
 c - a +0 shield (worn)
 e - a +2 pair of gloves (worn)
 h - a +0 pair of boots (worn)
 j - a +4 ring mail of cold resistance (worn)
Jewellery
 p - an amulet of magic regeneration (around neck)
 s - a cursed -2 ring of strength (left hand)
Scrolls
 f - a scroll of fog {unknown}
 g - a scroll of immolation {unknown}
 k - 2 scrolls of teleportation
 l - a scroll of magic mapping
 o - a scroll of identify {unknown}
Potions
 d - 2 potions of might
 i - 2 potions of magic {unknown}
 n - 2 potions of flight {unknown}
 r - a potion of curing {unknown}
Books
 m - a Young Poisoner's Handbook

   Spells                             Type                      Level
   a - Sting                          Conjuration/Poison           1
   b - Poisonous Vapours              Poison/Air                   2
   c - Mephitic Cloud                 Conjuration/Poison/Air       3
   d - Olgreb's Toxic Radiance        Poison                       4
   e - Venom Bolt                     Conjuration/Poison           5
Comestibles
 q - a meat ration


   Skills:
 * Level 4.7 Fighting
 - Level 3.2 Axes
 + Level 4.7 Armour
 + Level 1.5 Dodging
 + Level 0.1 Stealth
 + Level 5.0 Shields


You had 4 spell levels left.
You didn't know any spells.

Dungeon Overview and Level Annotations

Branches:
Dungeon (5/15)
 Temple: D:4-7

Altars:


Innate Abilities, Weirdness & Mutations

You reflexively headbutt those who attack you in melee.
You have a pair of horns on your head.


Message History

The ice beast is moderately wounded.
You barely miss the orc warrior. You hit the worm.
The ice beast barely misses you.
The orc priest calls down the wrath of Beogh upon you.
Beogh smites you!
The orc warrior hits you with a dire flail.
The ice beast barely misses you.
You slash the ice beast!
The ice beast is severely wounded.
You barely miss the orc priest. You barely miss the orc warrior.
You hit the worm but do no damage. You slash the orc priest!
The orc priest hits you but does no damage.
You block the ice beast's attack.
The orc warrior hits you with a dire flail.
* * * LOW HITPOINT WARNING * * *
The worm bites you.
* * * LOW HITPOINT WARNING * * *
The orc priest mumbles some strange prayers to Beogh against you.
Beogh smites you!
You die...

###oo...# ..# . ..#.
##.o(..#.#####..#
..## #..###....##...#
#o### #........## #
#.o.###..<...#..##.##
###.oo.^###.........
.
####.o.......)#.#...
##.###.#woo......
#..##..o@Y###
##>...###.....#
#....# .##### #....#
.# #....# ..
###...######
#.........#
#.....###...#
###.....# .#


You could see an orc warrior, an ice beast, a worm and 2 orc priests.

Vanquished Creatures
  An ice beast (D:5)
  A hound (D:5)
  An adder (D:4)
  3 dart slugs
  A leopard gecko (D:1)
  2 orcs
  2 giant cockroaches
  7 goblins
  4 hobgoblins
  10 kobolds
  A quokka (D:5)
  2 ball pythons
  7 bats
  7 rats
49 creatures vanquished.

Notes
Turn   | Place    | Note
-------+----------+-------------------------------------------
     0 | D:1      | grogolog the Minotaur Fighter began the quest for the Orb.
     0 | D:1      | Reached XP level 1. HP: 19/19 MP: 0/0
    79 | D:1      | Reached XP level 2. HP: 17/27 MP: 1/1
   420 | D:1      | Reached skill level 4 in Shields
   433 | D:1      | Reached XP level 3. HP: 34/34 MP: 2/2
  1326 | D:5      | Entered Level 5 of the Dungeon
  1326 | D:5      | Noticed a scorpion
  1326 | D:5      | Noticed an ice beast
  1328 | D:5      | Noticed an orc warrior
  1388 | D:5      | Reached XP level 4. HP: 34/41 MP: 3/3
  1411 | D:5      | Noticed an ice beast
  1418 | D:5      | Killed an ice beast
  1418 | D:5      | Reached skill level 1 in Dodging
  1418 | D:5      | Reached skill level 5 in Shields
  1418 | D:5      | Reached XP level 5. HP: 30/47 MP: 4/4
  1444 | D:5      | Noticed an ice beast
  1450 | D:5      | Killed from afar by an orc priest

Skill      XL: |  1  2  3  4 |
---------------+-------------+-----
Fighting       | 4 |  4.7
Shields        | 4 5 |  5.0
Axes           | 3 |  3.2
Armour         | 4 |  4.7
Dodging        | 1 |  1.5
Stealth        | |  0.1

Action                   |  1- 3 |  4- 6 || total
-------------------------+-------+-------++-------
Melee: War axe           |    94 |    10 ||   104
       Headbutt          |    11 |     1 ||    12
  Use: Scroll            |     2 |       ||     2
       Potion            |       |     1 ||     1
  Eat: Bread ration      |     1 |       ||     1
Armor: Scale mail        |    21 |       ||    21
       Ring mail         |    47 |     7 ||    54
Dodge: Dodged            |    42 |     4 ||    46
Block: Shield            |    69 |     9 ||    78
